Map: World of Sleepers LE

Players

Lambo

  • Race: Zerg Zerg
  • Spawn Location: 1:00

Rob - Winner!

  • Race: Protoss Protoss
  • Spawn Location: 7:00

VOD

Have the link to the VOD?

Description

Time

  • Played on: Sept. 6, 2019, 12:59 p.m.
  • Length: 8:33
Show
View Real Time Build Order
Export as new Build Order

Lambo Zerg 

Build Orders: Hatch First 

Get SALT Encoding   

  12  0:00  Drone  
  13  0:12  Overlord  
  13  0:17  Drone  
  14  0:30  Drone  
  14  0:31  Drone  
  16  0:48  Hatchery  
  15  0:51  Drone  
  15  0:54  Drone  
  17  0:58  Drone  
  18  1:08  Extractor  
  17  1:12  Spawning Pool  
  17  1:15  Drone  
  17  1:19  Drone  
  18  1:27  Drone  
  19  1:39  Drone  
  20  1:49  Drone  
  21  1:59  Queen x2  
  21  2:00  Overlord, Zergling x2  
  26  2:13  Drone x2  
  28  2:26  Drone x2  
  30  2:33  Drone  
  30  2:34  Hatchery  
  30  2:35  Drone, Pneumatized Carapace  
  31  2:42  Zergling x2  
  31  2:43  Overlord  
  32  2:50  Queen  
  34  2:54  Drone x2  
  35  3:13  Drone x2  
  35  3:14  Drone x3  
  35  3:16  Overlord  
  40  3:21  Metabolic Boost  
  40  3:23  Overlord  
  40  3:25  Drone  
  40  3:26  Queen  
  43  3:39  Drone x2  
  43  3:40  Roach Warren  
  44  3:45  Drone  
  44  3:48  Queen  
  45  3:49  Drone x2  
  45  3:51  Drone  
  45  3:53  Drone  
  45  3:55  Extractor  
  50  3:57  Overlord, Extractor  
  50  3:58  Drone x2  
  50  3:59  Drone  
  50  4:02  Drone  
  53  4:04  Zergling x4  
  55  4:12  Zergling x2  
  55  4:13  Zergling x2  
  57  4:22  Overlord, Lair  
  57  4:23  Drone x2  
  59  4:24  Zergling x2  
  59  4:31  Zergling x4  
  62  4:34  Overlord  
  62  4:36  Drone x6  
  68  4:42  Roach x3  
  74  4:46  Roach  
  74  4:49  Roach x2  
  74  4:52  Roach  
  82  4:56  Roach x2  
  82  4:59  Roach  
  87  5:02  Roach  
  87  5:05  Overlord  
  87  5:06  Overlord  
  89  5:09  Overlord  
  89  5:10  Overlord  
  89  5:13  Ravager  
  87  5:15  Ravager  
  87  5:17  Zergling x2  
  87  5:19  Overlord  
  88  5:29  Zergling x18  
  88  5:33  Zergling x2  
  91  5:39  Zergling x6  
  91  5:42  Roach x2  
  92  5:43  Roach  
  92  5:48  Roach x4  
  91  5:51  Ravager x2  
  91  5:52  Roach  
  91  5:55  Roach  
  96  5:58  Overlord  
  96  5:59  Zergling x2  
  91  6:06  Roach  
  91  6:08  Roach  
  78  6:16  Roach  
  78  6:17  Roach  
  71  6:21  Queen x2  
  71  6:24  Roach  
  70  6:28  Roach  
  63  6:36  Roach  
  63  6:38  Ravager x2  
  63  6:39  Zergling x2  
  66  6:49  Zergling x4  
  66  6:53  Drone x2  
  70  6:54  Hatchery  
  70  6:55  Zergling x8  
  70  6:59  Ravager x3  
  76  7:01  Zergling x4  
  80  7:09  Overseer  
  80  7:13  Extractor  
  80  7:14  Drone  
  80  7:16  Evolution Chamber  
  80  7:18  Drone  
  80  7:22  Drone x2  
  82  7:24  Zergling x6  
  82  7:25  Ravager x2  
  87  7:32  Drone  
  87  7:33  Zergling x2, Roach x2  
  91  7:41  Roach  
  93  7:48  Roach  
  93  7:49  Zergling x2  
  96  7:52  Overlord  
  96  7:58  Roach  
  96  7:59  Zergling x6  
  96  8:03  Zergling x4, Roach  
  105  8:08  Roach  
  105  8:12  Zergling x4  
Show
View Real Time Build Order
Export as new Build Order

Rob Protoss - Winner!

Build Orders: 1 Gate Expand 

Get SALT Encoding   

  12  0:00  Probe  
  13  0:12  Probe  
  14  0:19  Pylon  
  14  0:24  Probe  
  15  0:33  Probe  
  15  0:41  Probe  
  15  0:42  Gateway  
  16  0:48  Assimilator  
  17  0:52  Probe  
  18  1:04  Probe  
  19  1:16  Probe  
  20  1:23  Nexus  
  20  1:31  Probe  
  20  1:32  Cybernetics Core  
  20  1:39  Probe  
  21  1:40  Assimilator  
  22  1:50  Pylon  
  22  1:52  Probe  
  23  1:58  Adept  
  23  2:08  Warp Gate, Probe  
  26  2:20  Probe  
  27  2:28  Stalker  
  27  2:29  Robotics Facility  
  29  2:31  Probe  
  29  2:32  Probe  
  31  2:39  Probe  
  32  2:44  Probe  
  32  2:49  Probe  
  34  2:56  Probe  
  37  2:58  Sentry  
  37  3:01  Probe  
  38  3:08  Probe  
  38  3:09  Immortal  
  39  3:13  Probe  
  44  3:22  Gateway, Probe  
  44  3:24  Gateway  
  44  3:25  Probe  
  46  3:29  Pylon  
  46  3:40  Pylon  
  46  3:47  Nexus  
  46  3:50  Probe x2  
  48  3:59  Warp Prism  
  48  4:02  Gateway  
  48  4:03  Gateway  
  48  4:05  Sentry  
  52  4:17  Sentry  
  52  4:20  Stalker  
  52  4:21  Probe  
  52  4:22  Probe  
  58  4:25  Pylon  
  58  4:33  Probe, Sentry  
  58  4:34  Probe  
  58  4:36  Pylon  
  62  4:46  Probe  
  62  4:50  Adept x2  
  67  4:57  Pylon x2  
  67  4:59  Pylon, Adept  
  69  5:01  Adept  
  69  5:02  Probe, Adept  
  69  5:03  Probe  
  75  5:19  Stalker x2  
  75  5:20  Stalker  
  81  5:22  Stalker x2  
  81  5:23  Probe x2  
  85  5:46  Stalker x2  
  85  5:48  Zealot x3  
  91  5:50  Probe x3  
  84  6:17  Stalker x4  
  84  6:18  Probe x3  
  90  6:20  Assimilator  
  90  6:21  Assimilator x2  
  90  6:23  Assimilator  
  90  6:24  Pylon  
  79  6:30  Probe x3  
  79  6:31  Immortal  
  78  6:38  Gateway  
  78  6:42  Gateway  
  78  6:43  Gateway  
  78  6:46  Gateway  
  82  6:47  Probe x3  
  82  6:50  Robotics Facility  
  85  6:59  Probe x3, Stalker x2  
  85  7:00  Warp Prism  
  92  7:11  Probe x3, Sentry x2  
  101  7:19  Shield Battery  
  101  7:21  Forge  
  101  7:23  Probe x2  
  101  7:26  Sentry x2  
  107  7:31  Sentry  
  107  7:32  Pylon  
  107  7:33  Pylon  
  107  7:36  Observer  
  109  7:37  Zealot x3  
  116  7:56  Stalker x3  
  116  7:57  Stalker x4  
  130  7:58  Zealot  
  130  8:02  Pylon  
  124  8:22  Zealot x6, Sentry x3  
Tags
 
Add a new tag
Caveats
  • Supply blocks, unpowered buildings, or Contaminate may cause inaccurate times.
  • Supply counts are checked every 10 seconds.